 Dungeon Crawl Stone Soup version 0.31.0-32-g396128a36d (webtiles) character file.

Game seed: 10721739467696118339

205372 Peloso the Hoplite (level 18, -30/172 HPs)
             Began as a Minotaur Fighter on Mar 21, 2024.
             Was the Champion of Okawaru.
             Killed by the raging water
             ... invoked by a water nymph
              (49 damage)
             ... on level 2 of the Shoals on Mar 22, 2024.
             The game lasted 01:36:31 (31055 turns).

Peloso the Hoplite (Minotaur Fighter)              Turns: 31055, Time: 01:36:32

Health: -30/172    AC: 20    Str: 23    XL:     18   Next: 41%
Magic:  18/18      EV: 11    Int:  5    God:    Okawaru [******]
Gold:   2705       SH: 19    Dex: 28    Spells: 17/17 levels left

rFire   + . .        a - +8 long sword "Uvvoer" {flame, ^Drain Will+ Dex+3 Stlth+}
rCold   . . .        d - +0 kite shield {rN+}
rNeg    + . .        G - +3 plate armour {rF+}
rPois   +            E - melded +2 hat
rElec   .            m - melded +2 cloak
rCorr   .            R - melded +0 pair of gloves {hurl}
SInv    .            (boots currently unavailable)
Will    +++..        C - amulet of the Cast Vote {Will+ Regen+ Dex+3} Stlth
                     e - +6 ring of dexterity
HPRegen 1.28/turn    D - ring of poison resistance
MPRegen 0.16/turn

%: no passive effects
@: beast-form, marked, spiked, hasted, quick
A: beast (slay +2), horns 2, retaliatory headbutt, devolution 1
a: Begin Untransformation, Renounce Religion, Heroism, Finesse, Duel, Receive
Weapon, Receive Armour


You were on level 2 of the Shoals.
You worshipped Okawaru.
Okawaru was exalted by your worship.
You were a hulking beast.
You visited 7 branches of the dungeon, and saw 31 of its levels.
You also visited: Sewer, Gauntlet and Volcano.

You collected 3077 gold pieces.
You spent 372 gold pieces at shops.

Inventory:

Hand Weapons
 a - the +8 long sword "Uvvoer" (weapon) {flame, ^Drain Will+ Dex+3 Stlth+}
   (You bought it in a shop on level 2 of the Orcish Mines)

   Dex+3:     It affects your dexterity (+3).
   Will+:     It increases your willpower.
   ^Drain:    It drains your maximum health when unequipped.
   Stlth+:    It makes you more stealthy.
 b - the +7 long sword "Wuedghug" {flame, MP+9 Dex+7}
   (You found it on level 3 of the Elven Halls)

   Dex+7:     It affects your dexterity (+7).
   MP+9:      It affects your magic capacity (+9).
 c - a +4 scimitar of flaming
Armour
 d - a +0 kite shield of positive energy (worn)
 m - a +2 cloak (melded)
 A - the +0 pair of boots of the Carpenter {rPois Dex+4}
   (You found it on level 3 of the Spider Nest)

   Dex+4:     It affects your dexterity (+4).
   rPois:     It protects you from poison
 E - a +2 hat (melded)
 G - a +3 plate armour of fire resistance (worn)
 R - a +0 pair of gloves of hurling (melded)
Jewellery
 e - a +6 ring of dexterity (left hand)
 C - the amulet of the Cast Vote (around neck) {Will+ Regen+ Dex+3}
   (You found it on level 7 of the Dungeon)

   [amulet of regeneration]

   Dex+3:     It affects your dexterity (+3).
   Will+:     It increases your willpower.
   Regen+:    It increases your rate of health regeneration.
 D - a ring of poison resistance (right hand)
 I - a ring of see invisible
 M - a ring of flight
 S - the amulet "Qaaweotz" {Reflect rN+ SH+5}
   (You found it in a Gauntlet)

   [amulet of reflection]

   Reflect:   It reflects blocked missile attacks.
   rN+:       It protects you from negative energy.
   SH+5:      It affects your SH (+5).
Talismans
 y - a beast talisman (active)
Wands
 k - a wand of polymorph (7)
 J - a wand of mindburst (4)
Scrolls
 n - a scroll of fear
 o - 9 scrolls of immolation
 r - 9 scrolls of teleportation
 x - 2 scrolls of revelation
 z - 4 scrolls of identify
 P - 5 scrolls of poison
Potions
 f - 9 potions of curing
 h - 4 potions of enlightenment
 t - 3 potions of haste
 F - 5 potions of might
 H - 4 potions of invisibility
 K - a potion of resistance
 Q - 3 potions of berserk rage


   Skills:
 + Level 18.3 Fighting
 + Level 19.3 Long Blades
 + Level 17.3 Armour
 + Level 5.1 Dodging
 + Level 3.6 Stealth
 + Level 21.2 Shields
 + Level 0.1 Unarmed Combat
 + Level 2.2 Invocations
 + Level 0.2 Evocations
 + Level 3.7 Shapeshifting


You had 17 spell levels left.
You didn't know any spells.
Your spell library contained the following spells:

 Spells                   Type           Power      Damage    Failure   Level
 Sting                    Conj/Alch      0%         1d3       99%         1
 Cigotuvi's Dreadful Rot  Necr/Alch/Air  0%         N/A       100%        2
 Ensorcelled Hibernation  Hex/Ice        0%         N/A       100%        2
 Lesser Beckoning         Tloc           0%         N/A       100%        2
 Mercury Vapours          Alch/Air       0%         N/A       100%        2
 Gell's Gravitas          Tloc           0%         N/A       100%        3
 Inner Flame              Hex/Fire       0%         N/A       100%        3
 Mephitic Cloud           Conj/Alch/Air  0%         N/A       100%        3
 Passwall                 Erth           0%         N/A       100%        3
 Swiftness                Air            0%         N/A       100%        3
 Teleport Other           Tloc           0%         N/A       100%        3
 Dispel Undead            Necr           0%         3d6       100%        4
 Flame Wave               Conj/Fire      0%         2d4       100%        4
 Ignite Poison            Fire/Alch      0%         N/A       100%        4
 Olgreb's Toxic Radiance  Alch           0%         N/A       100%        4
 Sticky Flame             Fire/Alch      0%         2d4       100%        4
 Freezing Cloud           Conj/Ice/Air   0%         6-21      100%        5
 Eringya's Noxious Bog    Alch           0%         4d6       100%        6
 Martyr's Knell           Necr/Summ      Unusable   N/A       N/A         4
 Summon Forest            Summ/Tloc      Unusable   N/A       N/A         5
 Death Channel            Necr           Unusable   N/A       N/A         6
 Malign Gateway           Summ/Tloc      Unusable   N/A       N/A         7
 Summon Hydra             Summ           Unusable   N/A       N/A         7
 Summon Horrible Things   Summ           Unusable   N/A       N/A         8

Dungeon Overview and Level Annotations

Branches:
Dungeon (15/15)            Temple (1/1) D:5            Lair (5/5) D:9
 Shoals (2/4) Lair:3       Spider (3/4) Lair:3        Slime (0/5) Lair:5
    Orc (2/2) D:11            Elf (3/3) Orc:2        Vaults (0/5) D:13
 Depths (0/4) D:15          Sewer (visited)         Volcano (visited)
Gauntlet (visited)

Altars:
Ashenzari
Cheibriados
Dithmenos
Elyvilon
Fedhas
Gozag
Hepliaklqana
Kikubaaqudgha
Makhleb
Nemelex Xobeh
Okawaru
Qazlal
Ru
Sif Muna
Trog
Uskayaw
Vehumet
Wu Jian
Xom
Yredelemnul
Zin
The Shining One
Lugonu

Shops:
D:4 =   D:7 :   D:8 (   D:14 *   D:15 *   Orc:2 ?[((   Elf:1 :=:*   Shoals:1 *

Annotations:
D:15 Casa
Elf:2 3 runed translucent doors


Innate Abilities, Weirdness & Mutations

You are a hulking beast.
Your limbs bulge with bestial killing power. (Slay +2)
You have a pair of horns on your head.
You reflexively headbutt those who attack you in melee.
You have hidden genetic defects.


Message History

The merfolk impaler shoots a sling bullet.
The sling bullet hits you.
* * * LOW HITPOINT WARNING * * *
The dream sheep shake their wool and sparkle.
You feel drowsy...
You fall asleep.
A water nymph comes into view.
The manticore flicks its tail.
The volley of spikes skewers you.
The barbed spikes become lodged in your body.
You wake up.
* * * LOW HITPOINT WARNING * * *
A manticore comes into view.
A dream sheep comes into view.
The merfolk siren chants its luring song.
The water nymph gestures at you while chanting.
The water swirls and strikes you!!
* * * LOW HITPOINT WARNING * * *
Okay, then.
Okay, then.
As you read the scroll of fear, it crumbles to dust.
You assume a fearsome visage.
The merfolk looks frightened!
The wind drake looks frightened!
The dream sheep looks frightened!
The dream sheep panics and turns to flee.
The dream sheep looks frightened!
The dream sheep stampedes away.
The dream sheep looks frightened!
The dream sheep bleats in terror.
The manticore looks frightened!
The water nymph looks frightened!
The manticore looks frightened!
The merfolk siren looks frightened!
The faun looks frightened!
The merfolk siren looks frightened!
The faun easily resists.
The merfolk looks frightened!
The merfolk impaler looks frightened!
The water nymph resists with some effort.
The manticore looks frightened!
The water elemental is unaffected.
The skyshark looks frightened!
The merfolk impaler looks frightened!
The merfolk siren stops singing.
You are no longer entranced.
The merfolk impaler screams, "Help!"
The water nymph points at you and mumbles some strange words.
The water swirls and strikes you!!!
You die...

........)......#
.......Hcc~~...#####.
########mYm~~........~
##.†~~~~~~~.~~~~~
#...~~~~~~~~~~~~~
##.H.mmmF≈~~~~~~~~ ≈≈≈~~.#
##..E..~≈≈≈~~~.~~~ ≈≈≈≈≈~#
#...~Y†~k~m~~~~..~~## ~≈≈≈≈.#
#..~~~h~.~~~~# ...~ ~~~~..#
#....)..###..# ..... .~~~.<##
####....# ##.##...... .~≈≈≈..#
##..## #..#.~.... #.~≈~..# ####
##..~~~..# #..~<..## #.~~~~~~..
..~~~~..### ##### ##.~~~~~~~~
...~~~~~..####.>.####..~~~~~~~~
..~~~~~~~~.....†..##.~~~~~~~~~~


You could see 2 merfolk impalers, a skyshark (fleeing), a wind drake (repels
missiles, fleeing), a merfolk (fleeing), 2 fauns, 2 manticores, a water
elemental, 2 merfolk sirens, a water nymph and 2 dream sheep.

Vanquished Creatures
  Frances (D:13)
  Gastronok (D:8)
  Kirke (Lair:3)
  Louise (D:14)
  A deep elf elementalist (Elf:1)
  An emperor scorpion (Spider:2)
  A broodmother (Spider:3)
  The ghost of Beaer the Grappler, a journeyman TrFi of Gozag (Lair:4)
  The ghost of Laowois the Severer, a journeyman MiBe of Trog (D:14)
  A deep elf demonologist (Elf:2)
  A minotaur (Gauntlet)
  A deep elf annihilator (Elf:1)
  2 spark wasps
  2 dire elephants
  A fire dragon (D:14)
  A great orb of eyes (Gauntlet)
  Fannar (D:10)
  8 hydras
  A vault guard (D:13)
  3 jorogumos
  6 centaur warriors
  2 radroaches
  A catoblepas (Lair:4)
  An alligator snapping turtle (Shoals:1)
  A merfolk avatar (Lair:5)
  11 boulder beetles
  5 two-headed ogres
  9 dancing weapons
  6 death yaks
  7 orc high priests
  Urug (Lair:4)
  A hell knight (Volcano)
  10 deep elf knights
  A demonic crawler (Spider:3)
  Nergalle (Lair:1)
  Sonja (Lair:1)
  A salamander mystic (Volcano)
  5 skysharks
  4 sea snakes
  2 pharaoh ants
  9 deep elf archers
  An arcanist (D:14)
  6 orb spiders
  4 lindwurms (D:12)
  2 steelbarb worms
  4 harpies (Shoals:2)
  An obsidian statue (D:14)
  6 manticores
  6 orc knights
  A faun (Shoals:1)
  23 deep elf zephyrmancers
  6 salamanders (Volcano)
  28 deep elf pyromancers
  8 wolf spiders
  5 ugly things
  2 oklob plants (Lair:2)
  A moth of wrath (Spider:3)
  7 cyclopes
  2 kobold blastminers (Orc:1)
  19 elephants
  4 merfolk sirens
  A meliai (Lair:3)
  2 water nymphs
  An ice statue (Gauntlet)
  5 torpor snails
  4 black mambas
  9 cane toads
  2 cane toads (shapeshifter)
  3 gargoyles
  2 unseen horrors
  An efreet (D:13)
  4 rime drakes
  10 komodo dragons
  A kobold demonologist (D:12)
  A freezing wraith (D:14)
  A tengu conjurer (D:14)
  2 merfolk
  4 trolls
  A merfolk (shapeshifter) (D:14)
  4 wind drakes
  3 polar bears
  Prince Ribbit (Lair:3)
  15 tarantellas
  5 snapping turtles
  19 blink frogs
  11 jumping spiders
  7 slime creatures
  2 shadows (D:10)
  A centaur simulacrum (D:14)
  2 vampires
  5 wraiths
  3 hogs (Lair:3)
  4 water elementals
  14 culicivoras
  5 wyverns
  48 yaks
  4 basilisks
  2 fire elementals
  3 humans (Lair:3)
  22 redbacks
  5 steam dragons
  7 vampire mosquitoes
  15 water moccasins
  A sky beast (D:5)
  3 black bears
  39 orc warriors
  An ice beast (D:6)
  A swamp drake (shapeshifter) (Elf:2)
  An ogre (shapeshifter) (D:14)
  31 wolves
  A boggart (D:14)
  2 crocodiles (Sewer)
  7 ogres
  2 phantoms (D:5)
  10 centaurs
  13 bullfrogs
  A kobold brigand (D:9)
  3 scorpions (D:5)
  An earth elemental (Elf:1)
  5 wights
  4 killer bees (Lair:3)
  3 howler monkeys (D:13)
  A jelly (D:7)
  37 orc priests
  3 hounds
  4 iguanas
  A sleepcap (D:7)
  2 gnoll boudas
  22 orc wizards
  A sickly merfolk siren (Sewer)
  A hell rat (Lair:4)
  A malarious merfolk avatar (Sewer)
  Robin (D:3)
  11 adders
  A river rat (D:3)
  8 gnolls
  A shadow imp (D:7)
  3 dart slugs
  3 ribbon worms
  96 orcs
  11 ball pythons
  11 bats
  4 endoplasms
  6 giant cockroaches
  12 hobgoblins
  4 jackals
  8 quokkas
  9 frilled lizards
  9 goblins
  13 kobolds
  33 rats
959 creatures vanquished.

Vanquished Creatures (others)
  A deep elf pyromancer (Elf:1)
  A blink frog (Lair:3)
  A yak (shapeshifter) (D:13)
  A howler monkey (D:13)
4 creatures vanquished.

Grand Total: 963 creatures vanquished

Notes
Turn   | Place    | Note
-------+----------+-------------------------------------------
     0 | D:1      | Peloso the Minotaur Fighter began the quest for the Orb.
     0 | D:1      | Reached XP level 1. HP: 19/19 MP: 0/0
    99 | D:1      | Reached XP level 2. HP: 24/27 MP: 1/1
   199 | D:1      | Reached skill level 4 in Shields
   622 | D:1      | Reached XP level 3. HP: 33/33 MP: 2/2
  1273 | D:2      | You fall into a shaft and drop 1 floor!
  1318 | D:3      | Noticed Robin
  1333 | D:3      | Killed Robin
  1334 | D:3      | Reached XP level 4. HP: 38/40 MP: 3/3
  1466 | D:3      | Found an opulent altar of Gozag.
  1553 | D:3      | Found a glowing drain.
  1601 | Sewer    | Entered a sewer
  1668 | Sewer    | Reached XP level 5. HP: 47/47 MP: 4/4
  1802 | Sewer    | Noticed a crocodile
  1812 | Sewer    | Killed a crocodile
  1813 | Sewer    | Reached skill level 5 in Long Blades
  1941 | Sewer    | Reached XP level 6. HP: 49/55 MP: 5/5
  1960 | Sewer    | Reached skill level 5 in Fighting
  1960 | Sewer    | Reached skill level 5 in Armour
  1992 | Sewer    | Reached skill level 1 in Dodging
  3235 | D:4      | Reached XP level 7. HP: 59/60 MP: 6/6
  3698 | D:4      | Found Aqyegog's Jewellery Shoppe.
  3765 | D:5      | Entered Level 5 of the Dungeon
  3766 | D:5      | Found a radiant altar of Vehumet.
  4070 | D:5      | Found a glowing silver altar of Zin.
  4113 | D:5      | Reached skill level 5 in Shields
  4113 | D:5      | Reached XP level 8. HP: 70/70 MP: 7/7
  4123 | D:5      | Found a staircase to the Ecumenical Temple.
  4172 | Temple   | Entered the Ecumenical Temple
  4216 | D:5      | Found an ornate altar of the Wu Jian Council.
  4440 | D:5      | Found a stormy altar of Qazlal.
  4450 | D:5      | Found a shadowy altar of Dithmenos.
  4485 | D:5      | Found a blossoming altar of Fedhas.
  5129 | D:6      | Found a sacrificial altar of Ru.
  5346 | D:6      | Reached XP level 9. HP: 67/78 MP: 8/8
  5907 | D:7      | Found an iron altar of Okawaru.
  5933 | D:7      | Became a worshipper of Warmaster Okawaru
  6079 | D:7      | Reached skill level 10 in Long Blades
  6107 | D:7      | Found Utesmuyma's Book Shop.
  6115 | D:7      | Reached skill level 6 in Shields
  6124 | D:7      | Identified the amulet of the Cast Vote {Will+ Regen+ Dex+3}
  6400 | D:7      | Reached skill level 1 in Stealth
  6592 | D:8      | Noticed Gastronok
  6606 | D:8      | Killed Gastronok
  6606 | D:8      | Reached * piety under Okawaru
  6663 | D:8      | Noticed a cyclops
  6664 | D:8      | Noticed a cyclops
  6670 | D:8      | Reached XP level 10. HP: 88/88 MP: 6/9
  6673 | D:8      | Killed a cyclops
  6673 | D:8      | Reached ** piety under Okawaru
  6696 | D:8      | Noticed a cyan ugly thing
  6704 | D:8      | Killed a cyan ugly thing
  6711 | D:8      | Killed a cyclops
  6711 | D:8      | Reached *** piety under Okawaru
  6712 | D:8      | Reached skill level 7 in Shields
  6839 | D:8      | Found a radiant altar of Vehumet.
  6987 | D:8      | Found a shimmering altar of Xom.
  7080 | D:8      | Noticed a two-headed ogre
  7086 | D:8      | Killed a two-headed ogre
  7087 | D:8      | Reached skill level 10 in Armour
  7324 | D:8      | Found a bloodstained altar of Trog.
  7346 | D:8      | Found Foidec's Weapon Emporium.
  7547 | D:9      | Reached **** piety under Okawaru
  7700 | D:9      | Noticed a two-headed ogre
  7706 | D:9      | Killed a two-headed ogre
  7707 | D:9      | Reached skill level 8 in Shields
  7707 | D:9      | Reached XP level 11. HP: 84/97 MP: 10/10
  7721 | D:9      | Found a white marble altar of Elyvilon.
  7788 | D:9      | Found an ancient bone altar of Kikubaaqudgha.
  7961 | D:9      | Noticed a deep elf pyromancer
  7972 | D:9      | Killed a deep elf pyromancer
  8217 | D:9      | Found a staircase to the Lair.
  8256 | D:10     | Entered Level 10 of the Dungeon
  8272 | D:10     | Reached ***** piety under Okawaru
  8349 | D:10     | Found a broken altar of Ashenzari.
  8503 | D:10     | Noticed Fannar
  8527 | D:10     | Killed Fannar
  8548 | D:10     | Received a gift from Okawaru
  8736 | D:10     | Found a hazy altar of Hepliaklqana.
  9014 | D:10     | Found a hide-covered altar of Uskayaw.
  9170 | D:11     | Reached skill level 9 in Shields
  9173 | D:11     | Reached skill level 10 in Fighting
  9305 | D:11     | Found a staircase to the Orcish Mines.
  9553 | Lair:1   | Entered Level 1 of the Lair of Beasts
  9701 | Lair:1   | Noticed a death yak
  9702 | Lair:1   | Noticed a death yak
  9703 | Lair:1   | Noticed a death yak
  9703 | Lair:1   | Noticed a death yak
  9709 | Lair:1   | Noticed a death yak
  9752 | D:9      | Killed a death yak
  9752 | D:9      | Received a gift from Okawaru
  9793 | D:9      | Reached XP level 12. HP: 102/108 MP: 8/11
  9796 | D:9      | Killed a death yak
  9797 | D:9      | Reached skill level 10 in Shields
  9803 | D:9      | Killed a death yak
  9832 | Lair:1   | Killed a death yak
  9848 | Lair:1   | Killed a death yak
  9939 | Lair:1   | Reached skill level 15 in Long Blades
  9948 | Lair:1   | Noticed Nergalle
  9958 | Lair:1   | Killed Nergalle
 10032 | Lair:1   | Reached skill level 1 in Invocations
 10116 | Lair:1   | Received a gift from Okawaru
 10188 | Lair:1   | Noticed Sonja
 10199 | Lair:1   | Killed Sonja
 10368 | Lair:1   | Reached skill level 11 in Shields
 10740 | Lair:2   | Identified the +2 leather armour "Rikag" {rElec rF+ Regen+}
 10748 | Lair:2   | Identified the +1 ring mail of the Burning God {rC+}
 11635 | Lair:3   | Found a staircase to the Shoals.
 11656 | Lair:3   | Reached ****** piety under Okawaru
 11656 | Lair:3   | Received a gift from Okawaru
 11700 | Lair:3   | Reached XP level 13. HP: 109/119 MP: 13/13
 11719 | Lair:3   | Noticed Kirke
 11733 | Lair:3   | Reached skill level 12 in Shields
 11750 | Lair:3   | Killed Kirke
 11925 | Lair:3   | Found a hole to the Spider Nest.
 11934 | Lair:3   | Noticed Prince Ribbit
 11943 | Lair:3   | Killed Prince Ribbit
 12553 | D:12     | Found a gate leading to a gauntlet.
 12571 | D:12     | Received a gift from Okawaru
 12616 | Gauntlet | Entered a Gauntlet
 12616 | Gauntlet | Found a transporter.
 12616 | Gauntlet | Found a transporter.
 12616 | Gauntlet | Found a runed translucent door.
 12616 | Gauntlet | Found a runed translucent door.
 12624 | Gauntlet | Found a transporter.
 12628 | Gauntlet | Found a transporter.
 12641 | Gauntlet | Found a transporter.
 12644 | Gauntlet | Found a transporter.
 12656 | Gauntlet | Found a transporter.
 12670 | Gauntlet | Noticed a reaper
 12672 | Gauntlet | Found a transporter.
 12676 | Gauntlet | Found a transporter.
 12696 | Gauntlet | Found a transporter.
 12711 | Gauntlet | Found a transporter.
 12712 | Gauntlet | Found a transporter.
 12797 | Gauntlet | Identified the +3 halberd of Xom's Regard {venom, Will+
                  | Str+4}
 13010 | Gauntlet | Identified the +1 cloak "Odaw" {Rampage}
 13035 | Gauntlet | Noticed a minotaur
 13048 | Gauntlet | Killed a minotaur
 13053 | Gauntlet | Identified the amulet "Qaaweotz" {Reflect rN+ SH+5}
 13053 | Gauntlet | Identified the staff of Sunlight {rPois rN+ Necro}
 13217 | D:12     | Reached skill level 13 in Shields
 13237 | D:12     | Received a gift from Okawaru
 13248 | D:12     | Identified the ring "Kosas" {rPois rF+ Str+6 Dex-3}
 14110 | Lair:4   | Reached XP level 14. HP: 132/132 MP: 14/14
 14315 | Orc:1    | Entered Level 1 of the Orcish Mines
 14348 | Orc:1    | Received a gift from Okawaru
 14352 | Orc:1    | Reached skill level 14 in Shields
 14433 | Orc:2    | Entered Level 2 of the Orcish Mines
 14676 | Orc:2    | Found a staircase to the Elven Halls.
 15368 | Orc:2    | Received a gift from Okawaru
 15403 | Orc:2    | Found Teriud's Antique Weapon Boutique.
 15404 | Orc:2    | Found Ofamow's Magic Scroll Boutique.
 15404 | Orc:2    | Found Doirogaf's Antique Armour Shop.
 15405 | Orc:2    | Found Domp's Weapon Boutique.
 15423 | Orc:2    | Bought a fine long sword for 255 gold pieces
 15423 | Orc:2    | Identified the +8 long sword "Uvvoer" {flame, ^Drain Will+
                  | Dex+3 Stlth+} (You bought it in a shop on level 2 of the
                  | Orcish Mines)
 15815 | Lair:4   | Reached skill level 15 in Fighting
 15917 | Lair:3   | Reached skill level 15 in Shields
 16026 | Lair:4   | Noticed Urug
 16033 | Lair:4   | Killed Urug
 16086 | Lair:4   | Found a transporter.
 16093 | Lair:4   | Found a transporter.
 16189 | Lair:4   | Noticed Beaer's ghost (journeyman TrFi)
 16500 | Lair:5   | Entered Level 5 of the Lair of Beasts
 16577 | Lair:5   | Found a dark tunnel.
 16591 | Volcano  | Entered a volcano
 16638 | Volcano  | Received a gift from Okawaru
 16657 | Volcano  | Found a burning altar of Makhleb.
 16950 | Lair:5   | Reached skill level 15 in Armour
 17009 | Lair:5   | Found a staircase to the Slime Pits.
 17120 | Lair:5   | Received a gift from Okawaru
 17160 | Lair:5   | Reached XP level 15. HP: 143/143 MP: 15/15
 17180 | Lair:5   | Identified the +5 war axe "Fuliss" {freeze, *Noise rN+++
                  | SInv Stlth+}
 17209 | Lair:5   | Reached skill level 16 in Shields
 17593 | Lair:5   | Found the +8 Vampire's Tooth {megavamp}
 18012 | D:13     | Received a gift from Okawaru
 18038 | D:13     | Noticed Frances
 18073 | D:13     | Killed Frances
 18724 | D:13     | Found a gate to the Vaults.
 19113 | Lair:2   | Reached skill level 5 in Dodging
 19397 | D:14     | Received a gift from Okawaru
 19595 | D:14     | Reached skill level 17 in Shields
 19630 | D:14     | Noticed Louise
 19644 | D:14     | Killed Louise
 19738 | D:14     | Found a runed translucent gate.
 19738 | D:14     | Found a runed translucent gate.
 19738 | D:14     | Found a runed translucent gate.
 19739 | D:14     | Found an opulent altar of Gozag.
 19739 | D:14     | Noticed Laowois's ghost (journeyman MiBe)
 19740 | D:14     | Found Tokhop's Assorted Antiques.
 20297 | D:15     | Entered Level 15 of the Dungeon
 20372 | D:15     | Found Dauxeutu's Mail-Order Catalogue.
 20532 | D:15     | Found a staircase to the Depths.
 20550 | D:15     | Received a gift from Okawaru
 22091 | Elf:1    | Entered Level 1 of the Elven Halls
 22139 | Elf:1    | Found a radiant altar of Vehumet.
 22200 | Elf:1    | Reached skill level 18 in Shields
 22498 | Elf:1    | Identified the +3 halberd "Lizxoj" {venom, Int+2}
 22552 | Elf:1    | Reached XP level 16. HP: 152/152 MP: 16/16
 22612 | Elf:1    | Received a gift from Okawaru
 22775 | Elf:1    | Found Wim Ryxo's General Store.
 22779 | Elf:1    | Bought a scroll of identify for 26 gold pieces
 22779 | Elf:1    | Bought a potion of curing for 39 gold pieces
 22779 | Elf:1    | Bought a potion of might for 52 gold pieces
 23054 | Elf:1    | Found Ruchad's Book Shoppe.
 23054 | Elf:1    | Found Ridih's Jewellery Boutique.
 23055 | Elf:1    | Found Oteef's Book Shoppe.
 23103 | Elf:2    | Found a radiant altar of Vehumet.
 23940 | Elf:2    | Found a shimmering blue altar of Sif Muna.
 23956 | Elf:2    | Received a gift from Okawaru
 24070 | Elf:2    | Found the +2 cloak of the Thief {*Fog Slay-2 SInv Stlth+}
 24130 | Elf:2    | Reached skill level 19 in Shields
 24380 | Elf:2    | Found a runed translucent gate.
 24380 | Elf:2    | Found a runed translucent gate.
 24380 | Elf:2    | Found a runed translucent gate.
 24655 | Elf:2    | Reached XP level 17. HP: 24/162 MP: 17/17
 25186 | D:14     | Killed Laowois's ghost
 25571 | Lair:4   | Killed Beaer's ghost
 26126 | Elf:3    | Entered Level 3 of the Elven Halls
 26547 | Elf:3    | Reached skill level 20 in Shields
 26655 | Elf:3    | Identified the +7 long sword "Wuedghug" {flame, MP+9 Dex+7}
 26870 | Elf:3    | Reached skill level 1 in Shapeshifting
 26919 | Elf:3    | Received a gift from Okawaru
 27166 | Shoals:1 | Entered Level 1 of the Shoals
 27476 | Shoals:1 | Found Beowon's Mayhem Merchandise.
 27962 | Spider:1 | Entered Level 1 of the Spider Nest
 28549 | Spider:2 | Reached XP level 18. HP: 158/171 MP: 18/18
 28758 | Spider:2 | HP: 3/171 [wolf spider (8)]
 29192 | Spider:3 | Received a gift from Okawaru
 29513 | Spider:3 | Found a transporter.
 29528 | Spider:3 | Found a transporter.
 29560 | Spider:3 | Reached skill level 21 in Shields
 29761 | Spider:3 | Gained mutation: You have hidden genetic defects.
                  | [mutagenic glow]
 30221 | Spider:3 | Got the +0 pair of boots of the Carpenter {rPois Dex+4}
 31055 | Shoals:2 | Killed from afar by a water nymph

Illustrated notes

Levels and vault maps discovered:
D:1:      minmay_arrival_hallway, layout_basic, minmay_circled_x
D:2:      layout_rooms
D:3:      layout_loops_ring, nicolae_gozag_cash_rules_everything_around_me,
          portal_sewer_entry_a, minmay_misc_feat_encased, minmay_liquid_box,
          uniq_robin
D:4:      layout_loops_ring, serial_shops, nicolae_lakefront_shop,
          minmay_strange_pillars
D:5:      layout_gridville, amcnicky_altar_gilded, pf_just_have_faith,
          fedhas_altar_fruit_tree, mainiacjoe_overflow_big_doors,
          minmay_temple_entry_statues_fountains, hangedman_decor_lopped,
          chequers_serial_rivers_micro_a, minmay_ruined_shrine
D:6:      layout_cave_pods, nicolae_ru_awakened_eye, minmay_splitting_lines
D:7:      layout_gridville, lemuel_doored_altar, kennysheep_small_square
D:8:      minmay_chambers_of_sixes, layout_basic, mainiacjoe_overflow_catwalk,
          mainiacjoe_overflow_alcove_2, nicolae_vehumet_altar_sigil,
          serial_shops, shop, uniq_gastronok
D:9:      hellmonk_crumbling_castle, layout_loops_ring, elyvilon_altar_5,
          mainiacjoe_overflow_brackets
D:10:     layout_loops_ring, lemuel_coloured_pillars_altar,
          mainiacjoe_overflow_chevrons, evilmike_ruin_ashenzari,
          dk_rats_in_the_wall, uniq_fannar
D:11:     layout_rooms, david_orc_2
D:12:     layout_cave_pods, gauntlet_entry_generic, minmay_lindwurm_lava
D:13:     layout_basic, david_vaults_5, due_unseen_surprise, uniq_frances
D:14:     layout_cave_pods, ebering_ghost_gozag, uniq_louise
D:15:     hangedman_depths_entry_try_elsewhere_first, layout_cave_pools,
          monkooky_shop_mail_order
Temple:   corrupted_temple
Lair:1:   layout_small_grid, serial_bayou_shore_a, grunt_megastairs_3,
          lemuel_fruit_fields, uniq_nergalle, uniq_sonja
Lair:2:   minmay_lair_oklob_chamber, layout_chaotic_city
Lair:3:   layout_loops_ring, minmay_shoals_entry_lonely_mermaid,
          hellmonk_spider_entry_not_the_bees, columned_hall_lemuel,
          lemuel_old_faithful, uniq_kirke, uniq_prince_ribbit2
Lair:4:   layout_loops_ring, nzn_ghost_randoct, nicolae_lair_yak_garden,
          uniq_urug
Lair:5:   gammafunk_lair_ancient_temple, layout_loops_ring, slime_entry_1,
          enter_volcano_2, chequers_serial_rivers_marsh
Shoals:1: layout_shoals, minmay_shop_mayhem, nicolae_shoals_cliffside_cave
Shoals:2: layout_shoals, nicolae_shop_firing_range
Spider:1: layout_spider_delve
Spider:2: layout_spider_delve
Spider:3: gammafunk_boulding_lane
Orc:1:    nicolae_orc_accident_2, layout_caves
Orc:2:    st_orc_pillars, layout_diamond_mine, nicolae_orc_lava_room
Elf:1:    eino_elf_arrival_altar, layout_loops_ring, serial_shops,
          nicolae_shop_back_alley_shop, nicolae_elf_blasts_and_bolts,
          minmay_shop_grove
Elf:2:    elven_hall_of_blades_hangedman_original
          [nicolae_blade_entry_sentries_behind_glass], layout_geoelf_octagon,
          serial_aquarium, aquarium_bridge_square [aquarium_subvault_wall,
          aquarium_subvault_bridge, aquarium_subvault_bridge,
          aquarium_subvault_bridge], aquarium_window_2, aquarium_window_1,
          aquarium_window_3, aquarium_view_2b, aquarium_pool_2,
          hangedman_feature_mirror
Elf:3:    minmay_elf_hall_dome, layout_geoelf_octagon, uniq_zenata

Skill      XL: |  1  2  3  4  5  6  7  8  9 10 11 12 13 14 15 16 17 18 |
---------------+-------------------------------------------------------+-----
Long Blades    | 3 4 5 6 7 9 11 13 14 15 16 17 18 19 | 19.3
Shields        | 4 5 6 8 9 11 13 15 18 19 20 21 | 21.2
Fighting       | 4 5 6 7 9 10 12 14 15 16 17 18 | 18.3
Armour         | 4 5 6 8 9 10 11 12 14 15 16 17 | 17.3
Dodging        | 1 2 3 4 5 |  5.1
Stealth        | 1 2 3 |  3.6
Invocations    | 1 2 |  2.2
Shapeshifting  | 2 3 |  3.7
Unarmed Combat | |  0.1
Evocations     | |  0.2

Action                     |  1- 3 |  4- 6 |  7- 9 | 10-12 | 13-15 | 16-18 || total
---------------------------+-------+-------+-------+-------+-------+-------++-------
  Melee: Long sword        |   127 |   204 |   153 |       |   707 |   861 ||  2052
         Headbutt          |    14 |    28 |    55 |   124 |   367 |   253 ||   841
         Scimitar          |       |       |   108 |   519 |   569 |       ||  1196
         Unarmed           |       |       |       |       |     3 |       ||     3
 Invoke: Heroism           |       |       |     1 |     2 |    10 |     7 ||    20
  Evoke: Wand              |       |       |       |     3 |     2 |       ||     5
    Use: Scroll            |     1 |     6 |     4 |     6 |    13 |     7 ||    37
         Potion            |       |     2 |       |       |     6 |     8 ||    16
   Stab: Paralysed         |       |       |       |     2 |       |       ||     2
 Armour: Scale mail        |    20 |       |       |       |       |       ||    20
         Chain mail        |    81 |   120 |   212 |    12 |       |       ||   425
         Plate armour      |       |       |       |   278 |  1000 |   461 ||  1739
         Skin              |       |       |       |       |     1 |       ||     1
  Dodge: Dodged            |    74 |    82 |    84 |   151 |   364 |   172 ||   927
  Block: Buckler           |    39 |    51 |    75 |       |       |       ||   165
         Kite shield       |       |       |     6 |   353 |   835 |   331 ||  1525
         Tower shield      |       |       |       |       |   406 |   491 ||   897
   Form: Dragon            |       |       |       |       |       |     1 ||     1
                           |       |       |       |       |       |     1 ||     1
         Beast             |       |       |       |       |       |     1 ||     1
